 Dungeon Crawl Stone Soup version 0.31-a0-940-gdaa99269f9 (webtiles) character file.

Game seed: 3963110086661245531

661 Elsrick the Ducker (level 7, -8/82 HPs)
             Began as a Human Monk on Oct 17, 2023.
             Splashed by a jelly's acid (9 damage)
             ... on level 5 of the Dungeon on Oct 20, 2023.
             The game lasted 00:12:07 (5431 turns).

Elsrick the Ducker (Human Monk)                     Turns: 5431, Time: 00:12:08

Health: -8/82      AC: 15    Str: 14    XL:     7   Next: 86%
Magic:  8/8        EV:  2    Int: 16    God:
Gold:   361        SH:  0    Dex: 17    Spells: 6/7 levels left

rFire   + + .        k - +3 mace of Fivyas {flame, rF++ Str+2 SInv}
rCold   . . .        c - orb {light}
rNeg    . . .        a - melded +0 robe
rPois   +            (helmet currently unavailable)
rElec   .            (cloak currently unavailable)
rCorr   .            (gloves currently unavailable)
SInv    +            (boots currently unavailable)
Will    .....        (no amulet)
Stlth   +            e - ring of poison resistance
HPRegen 0.33/turn    h - +6 ring of intelligence
MPRegen 0.11/turn

%: no passive effects
@: tree-form, corroded, glowing, studying Throwing
A: stationary, stasis, torment immunity, boosted hp
a: no special abilities


You were on level 5 of the Dungeon.
You were a tree.
You visited 1 branch of the dungeon, and saw 6 of its levels.

You collected 361 gold pieces.

Inventory:

Hand Weapons
 k - the +3 mace of Fivyas (weapon) {flame, rF++ Str+2 SInv}
   (You found it on level 2 of the Dungeon)

   Str+2:     It affects your strength (+2).
   rF++:      It greatly protects you from fire.
   SInv:      It lets you see invisible.
Missiles
 g - 30 stones
 q - 5 boomerangs (quivered)
Armour
 a - a +0 robe (melded)
 c - an orb of light (worn)
Jewellery
 e - a ring of poison resistance (left branch)
 h - a +6 ring of intelligence (right branch)
Talismans
 s - a maw talisman
Scrolls
 d - 6 scrolls of revelation {unknown}
 j - 5 scrolls of identify {unknown}
 m - a scroll of butterflies {unknown}
 n - a scroll of noise {unknown}
 o - a scroll of fear {unknown}
 p - 2 scrolls of immolation {unknown}
 r - a scroll of torment {unknown}
 t - a scroll of vulnerability {unknown}
 u - a scroll of teleportation {unknown}
Potions
 b - a potion of degeneration {unknown}
 f - a potion of lignification
 i - 2 potions of curing {unknown}
 l - 2 potions of heal wounds {unknown}


   Skills:
 + Level 4.3 Fighting
 + Level 4.4 Maces & Flails
 + Level 0.7 Throwing
 + Level 4.5 Dodging
 + Level 1.3 Stealth
 + Level 4.4 Unarmed Combat
 + Level 0.8 Spellcasting
 + Level 1.2 Conjurations


You had 6 spell levels left.
You knew the following spells:

 Your Spells              Type           Power      Damage    Failure   Level
a - Magic Dart            Conj           16%        1d3       14%         1

Your spell library contained the following spells:

 Spells                   Type           Power      Damage    Failure   Level
 Slow                     Hex            0%         N/A       24%         1
 Call Imp                 Summ           0%         N/A       34%         2
 Scorch                   Fire           0%         2d5       34%         2
 Mephitic Cloud           Conj/Pois/Air  1%         N/A       52%         3
 Confusing Touch          Hex            0%         N/A       56%         3
 Sigil of Binding         Hex            0%         N/A       56%         3
 Vampiric Draining        Necr           0%         2d6       56%         3
 Flame Wave               Conj/Fire      2%         2d4       88%         4
 Animate Dead             Necr           0%         N/A       93%         4
 Summon Cactus Giant      Summ           0%         N/A       100%        6
 Haunt                    Necr/Summ      0%         N/A       100%        7
 Infestation              Necr           0%         N/A       100%        8


Dungeon Overview and Level Annotations

Branches:
Dungeon (6/15)
 Temple: D:4-7

Altars:
Sif Muna
Yredelemnul
The Shining One

Shops:
D:3 !

Portals:
Sewer: D:6

Annotations:
D:4 4 transporters, osoart's ghost, amateur TeAE


Message History

The jelly quivers.
There is a stone staircase leading up here.
HP restored.
The giant cockroach bites you but does no damage.
You climb upwards.
There is a stone staircase leading down here.
You hit the giant cockroach. You burn the giant cockroach.
You kill the giant cockroach!
You see here a giant cockroach corpse.
There is a stone staircase leading down here.
You climb downwards.
You hear the sound of rushing water.
There is an entrance to a sewer on this level.
Hurry and find it before the portal rusts away!
The adder hisses angrily.
The ogre barely misses you. The worm bites you!
The jelly completely misses you.
There is a stone staircase leading up here.
The jelly hits you. The acid corrodes you!
You are splashed with acid!
The ogre closely misses you. The worm bites you.
You climb upwards.
There is a stone staircase leading down here.
You hit the jelly. You burn the jelly.
Your hands burn!
The jelly is heavily wounded.
The jelly hits you.
You are splashed with acid!
* * * LOW HITPOINT WARNING * * *
It was a potion of lignification.
You turn into a tree.
Your +0 robe melds into your body.
Your roots penetrate the ground.
The ogre hits you with a +0 giant spiked club!
* * * LOW HITPOINT WARNING * * *
The jelly hits you but does no damage. The worm bites you.
* * * LOW HITPOINT WARNING * * *
Unknown command.
Unknown command.
There are monsters nearby!
The jelly hits you but does no damage. The ogre hits you but does no damage.
The worm bites you but does no damage. The jelly hits you.
* * * LOW HITPOINT WARNING * * *
The acid corrodes you!
You are splashed with acid!
You die...

..# #..........# #.## ###
#..........# ##.## ##.##
#..........## #..## #...#
###<.........# ##..##
#...###............# ##..#
##....[.##.........#
##..#####....#####.........#
## ###....#.......O##
##........###.
..........##...J♣#
##....<......
.......######..w.#
###......### .......##
#...## #####..# ........#
#..## ##.## ........# ####
#########..# ........##
##......##..# .........#
##......)...### .........#
##.............## .........#
##...............#


You could see an ogre, a worm and a jelly.

Vanquished Creatures
  A wyvern (D:4)
  An ogre (D:5)
  2 scorpions
  2 hounds
  A jelly (D:4)
  2 iguanas
  9 adders
  3 worms
  A dart slug (D:4)
  12 orcs
  4 bats
  5 endoplasms
  2 giant cockroaches
  4 goblins
  8 hobgoblins
  2 jackals (D:1)
  5 quokkas
  8 ball pythons
  3 frilled lizards
  5 kobolds
  3 rats
  A spectral kobold (D:2)
84 creatures vanquished.

Notes
Turn   | Place    | Note
-------+----------+-------------------------------------------
     0 | D:1      | Elsrick the Human Monk began the quest for the Orb.
     0 | D:1      | Reached XP level 1. HP: 18/18 MP: 1/1
   159 | D:1      | Reached XP level 2. HP: 17/24 MP: 2/2
   960 | D:2      | Reached XP level 3. HP: 29/29 MP: 3/3
  1246 | D:2      | Found a faded altar of an unknown god.
  1548 | D:2      | Identified the +3 mace of Fivyas {flame, rF++ Str+2 SInv}
  1887 | D:3      | Found Lagigem's Distillery.
  1953 | D:3      | Reached XP level 4. HP: 33/35 MP: 4/4
  2098 | D:3      | Found a basalt altar of Yredelemnul.
  2155 | D:3      | Reached skill level 1 in Stealth
  2239 | D:3      | Reached skill level 1 in Maces & Flails
  2239 | D:3      | Reached XP level 5. HP: 17/41 MP: 5/5
  2367 | D:3      | Learned a level 1 spell: Magic Dart
  2913 | D:3      | Reached XP level 6. HP: 37/48 MP: 3/6
  3114 | D:4      | Noticed a wyvern
  3155 | D:4      | Killed a wyvern
  3156 | D:4      | Reached XP level 7. HP: 36/53 MP: 7/7
  3438 | D:4      | Found a glowing golden altar of the Shining One.
  3581 | D:4      | Reached skill level 1 in Conjurations
  3623 | D:4      | Found a transporter.
  3630 | D:4      | Found a transporter.
  3639 | D:4      | Found a transporter.
  3653 | D:4      | Noticed osoart's ghost (amateur TeAE)
  3667 | D:4      | Found a transporter.
  3842 | D:4      | Found a shimmering blue altar of Sif Muna.
  4344 | D:5      | Entered Level 5 of the Dungeon
  4688 | D:5      | Upgraded the game from 0.31-a0-920-g28cbb04a8c to
                  | 0.31-a0-940-gdaa99269f9
  5414 | D:6      | Found a glowing drain.
  5429 | D:5      | HP: 1/82 [worm (5)]
  5431 | D:5      | Splashed by a jelly's acid

Illustrated notes

Levels and vault maps discovered:
D:1:      eino_arrival_cavern_b, layout_loops_ring
D:2:      layout_rooms, dreamdust_ecumenical_altar_drowned_temple,
          serial_forest, infiniplex_forest_zigzag_2, infiniplex_forest_end_2,
          infiniplex_forest_clump_diagonal, infiniplex_forest_clump_medium,
          infiniplex_forest_straight_4, infiniplex_forest_clump_tiny,
          infiniplex_forest_lined_ring, infiniplex_forest_straight_1,
          kennysheep_cross_room
D:3:      layout_basic, mainiacjoe_overflow_catwalk, serial_shops,
          nicolae_shop_window_shopping
D:4:      layout_basic, gammafunk_temple_overflow_arena, tso_oasis_becter,
          gammafunk_ghost_stat_death, serial_rivers,
          chequers_serial_rivers_micro_b, chequers_serial_rivers_room_a,
          chequers_serial_rivers_micro_a, chequers_serial_rivers_micro_b,
          minmay_manual_mail
D:5:      layout_cave_pods
D:6:      layout_cave_pools, mainiacjoe_overflow_tiny_flanked,
          lemuel_temple_firewalk_b, cheibrodos_sewer_entry_drain,
          minmay_fractal_squares_diagonal_5

Skill      XL: |  1  2  3  4  5  6  7 |
---------------+----------------------+-----
Unarmed Combat | 4 |  4.4
Stealth        | 1 |  1.3
Maces & Flails | 1 2 3 4 |  4.4
Dodging        | 4 |  4.5
Fighting       | 4 |  4.3
Conjurations   | 1 |  1.2
Throwing       | |  0.7
Spellcasting   | |  0.8

Action                     |  1- 3 |  4- 6 |  7- 9 || total
---------------------------+-------+-------+-------++-------
  Melee: Unarmed           |    93 |       |       ||    93
         Mace              |     7 |    69 |    62 ||   138
  Throw: Stone             |     5 |       |       ||     5
         Boomerang         |       |     2 |     4 ||     6
   Cast: Magic Dart        |       |    13 |    16 ||    29
    Use: Potion            |       |     1 |     1 ||     2
 Armour: Robe              |    37 |    52 |    28 ||   117
         Skin              |       |       |     7 ||     7
  Dodge: Dodged            |    59 |    70 |    40 ||   169

Table legend: (Time is in decaauts)
 A = Elapsed time spent in this place.
 B = Non-inter-level travel time spent in this place.
 C = Inter-level travel time spent in this place.
 D = Time resting spent in this place.
 E = Time spent auto-exploring this place.
 F = Levels seen in this place.
 G = Mean time per level.
                   A        B        C        D        E       F      G
               +--------+--------+--------+--------+--------+-----+--------+
         Total |   5473 |   5178 |    295 |   1480 |   2732 |   6 |  912.2 |
       Dungeon |   5473 |   5178 |    295 |   1480 |   2732 |   6 |  912.2 |
               +--------+--------+--------+--------+--------+-----+--------+

Top non-repeatable levels by time:
     D:4: 1382 daAuts
     D:3: 1186 daAuts
     D:5: 1082 daAuts
     D:1: 947 daAuts
     D:2: 863 daAuts
     D:6: 10 daAuts
